 Dungeon Crawl Stone Soup version 0.26-a0-712-ga5a9c9c9d0 (webtiles) character file.

Game seed: 17523461534940186228

185338 ryogar056 the Stormcaller (level 18, -15/124 HPs)
             Began as a Tengu Air Elementalist on Nov 3, 2020.
             Was an Initiate of Gozag.
             Demolished by a wolf spider (17 damage)
             ... on level 1 of the Spider Nest.
             The game lasted 04:39:45 (65239 turns).

ryogar056 the Stormcaller (Tengu Air Elementalist) Turns: 65239, Time: 04:39:45

Health: -15/124    AC: 23    Str: 21    XL:     18   Next: 3%
Magic:  34/40      EV: 15    Int: 19    God:    Gozag
Gold:   152        SH: 16    Dex: 16    Spells: 15/33 levels left

rFire    + . .     SeeInvis +   E - staff of cold
rCold    + . .     Faith    .   k - +2 kite shield of Lumi {rPois MR++ Str+4}
rNeg     . . .     Spirit   .   u - +7 chain mail "Jeulioll" {-Tele rPois Regen+ Str+7}
rPois    +         Reflect  .   a - +2 hat
rElec    .         Harm     .   Y - +0 cloak
rCorr    +         Rampage  .   D - +2 pair of gloves
MR       +++++     NoTele   +   (boots unavailable)
Stlth    ..........             V - amulet of magic regeneration
HPRegen  0.70/turn              j - ring of resist corrosion
MPRegen  0.52/turn              N - ring "Uzujahony" {rF+ MR++ MP+9 Str-2 SInv}

@: gold aura, berserk cooldown, flying quickly and evasively, hasted and slowed,
studying 2 skills, quick
A: beak, talons 3, able to fly
}: 1/15 runes: decaying
a: Stop Flying, Potion Petition, Call Merchant, Bribe Branch, Renounce Religion


You were on level 1 of the Spider Nest.
You worshipped Gozag.
Gozag was aware of your devotion.
You visited 7 branches of the dungeon, and saw 31 of its levels.
You also visited: Ossuary.

You collected 11959 gold pieces.
You spent 5633 gold pieces at shops.
You paid 6174 gold pieces to Gozag.

Inventory:

Hand Weapons
 d - a +1 dagger of electrocution
 p - the +1 falchion "Mesekhle" {protect, *Noise Str+10}
   (You bought it in a shop on level 2 of the Orcish Mines)

   It grants its wielder temporary protection when it strikes (+7 to AC).
   It affects your strength (+10).
   It may make noises in combat.
 z - the +4 fustibalus of Extermination {freeze, +Fly rF- Str+3 SInv}
   (You bought it in a shop on level 2 of the Orcish Mines)

   It causes projectiles fired from it to freeze those they strike, causing
   extra injury to most foes and up to half again as much damage against
   particularly susceptible opponents.
   They can also slow down cold-blooded creatures.
   It affects your strength (+3).
   It makes you vulnerable to fire.
   It lets you see invisible.
   It lets you fly.
Missiles
 y - 79 stones
 A - 31 curare-tipped darts (quivered)
 B - 8 silver javelins
 J - 272 sling bullets
 L - a throwing net
Armour
 a - a +2 hat (worn)
 k - the +2 kite shield of Lumi (worn) {rPois MR++ Str+4}
   (You bought it in a shop on level 10 of the Dungeon)

   It affects your strength (+4).
   It protects you from poison.
   It affects your resistance to hostile enchantments.
 q - a +2 robe of resistance
 u - the +7 chain mail "Jeulioll" (worn) {-Tele rPois Regen+ Str+7}
   (You found it on level 4 of the Swamp)

   It affects your strength (+7).
   It protects you from poison.
   It prevents most forms of teleportation.
   It increases your rate of regeneration.
 w - the +1 robe of Duluen {*Corrode rF+++ Int+10 Stlth-}
   (You found it on level 5 of the Lair of Beasts)

   It affects your intelligence (+10).
   It renders you almost immune to fire.
   It may corrode you when you take damage.
   It makes you less stealthy.
 D - a +2 pair of gloves (worn)
 Y - a +0 cloak (worn)
Magical Staves
 E - an uncursed staff of cold (weapon)
Jewellery
 g - an uncursed ring of fire
 j - a ring of resist corrosion (left hand)
 o - an uncursed amulet of guardian spirit
 v - a +6 ring of strength
 N - the ring "Uzujahony" (right hand) {rF+ MR++ MP+9 Str-2 SInv}
   (You found it on level 11 of the Dungeon)

   [ring of magical power]

   It affects your strength (-2).
   It protects you from fire.
   It affects your resistance to hostile enchantments.
   It affects your magic capacity (+9).
   It lets you see invisible.
 R - an uncursed ring of ice
 V - an amulet of magic regeneration (around neck)
Wands
 i - a wand of acid (35)
 s - a wand of digging (5)
 G - a wand of iceblast (8)
 M - a wand of disintegration (14)
 Q - a wand of paralysis (24)
 S - a wand of flame (45)
Scrolls
 b - 15 scrolls of teleportation
 c - 2 scrolls of identify
 e - 3 scrolls of fear
 f - a scroll of enchant armour
 r - 4 scrolls of blinking
 I - 6 scrolls of fog
 P - 4 scrolls of magic mapping
 U - 4 scrolls of remove curse
Potions
 h - a potion of cancellation {unknown}
 l - 3 potions of haste
 x - a potion of mutation
 H - 5 potions of resistance
Books
 m - a manual of Conjurations
 n - a manual of Armour
Miscellaneous
 X - a phial of floods


   Skills:
 - Level 17.3 Fighting
 + Level 5.6 Armour
 - Level 9.0 Dodging
 - Level 2.0 Stealth
 - Level 15.0 Shields
 + Level 8.0 Spellcasting
 * Level 8.3 Conjurations
 + Level 18.0 Air Magic
 - Level 10.0 Evocations


You had 15 spell levels left.
You knew the following spells:

 Your Spells              Type           Power        Failure   Level
a - Shock                 Conj/Air       ####         1%          1
b - Swiftness             Air            ######..     1%          2
c - Airstrike             Air            ######....   1%          4
d - Static Discharge      Conj/Air       ######..     1%          3
e - Lightning Bolt        Conj/Air       ######....   10%         5
f - Mephitic Cloud        Conj/Pois/Air  #####...     6%          3

Your spell library contained the following spells:

 Spells                   Type           Power        Failure   Level
 Poisonous Vapours        Pois/Air       #####.       2%          2
 Foxfire                  Conj/Fire      ###.         14%         1
 Conjure Flame            Conj/Fire      ###.....     38%         3
 Animate Skeleton         Necr           #.....       58%         1
 Apportation              Tloc           #.....       58%         1
 Beastly Appendage        Tmut           #.....       58%         1
 Corona                   Hex            #......      58%         1
 Pain                     Necr           #...         58%         1
 Sting                    Tmut/Pois      #...         58%         1
 Summon Small Mammal      Summ           #...         58%         1
 Slow                     Hex            #.......     75%         2
 Wereblood                Tmut           #.......     75%         2
 Fulminant Prism          Conj/Hex       ###.......   80%         4
 Sticky Flame             Conj/Fire      ###.....     80%         4
 Ignite Poison            Fire/Tmut/Pois #.......     92%         3
 Inner Flame              Hex/Fire       #.......     92%         3
 Spider Form              Tmut/Pois      #.........   92%         3
 Summon Guardian Golem    Hex/Summ       #.......     92%         3
 Vampiric Draining        Necr           #.........   92%         3
 Fireball                 Conj/Fire      ###.......   98%         5
 Animate Dead             Necr           #.........   100%        4
 Ice Form                 Ice/Tmut       ##......     100%        4
 Olgreb's Toxic Radiance  Pois           #.......     100%        4
 Agony                    Necr           #.......     100%        5
 Blade Hands              Tmut           #.........   100%        5
 Starburst                Conj/Fire      ###.......   100%        6
 Discord                  Hex            #.........   100%        8
 Ignition                 Fire           #.........   100%        8


Dungeon Overview and Level Annotations

Branches:
Dungeon (15/15)            Temple (1/1) D:5            Lair (6/6) D:10
  Swamp (4/4) Lair:2       Spider (2/4) Lair:2        Slime (0/5) Lair:6
    Orc (2/2) D:9             Elf (1/3) Orc:2        Vaults (0/5) D:14
 Depths (0/5) D:15        Ossuary (visited)

Altars:
Ashenzari
Cheibriados
Dithmenos
Elyvilon
Fedhas
Gozag
Hepliaklqana
Kikubaaqudgha
Makhleb
Nemelex Xobeh
Okawaru
Qazlal
Ru
Sif Muna
Trog
Uskayaw
Vehumet
Wu Jian
Xom
Yredelemnul
Zin
The Shining One
Beogh

Shops:
D:6 :   D:10 [   D:15 [   Orc:2 [[((}   Lair:2 **   Swamp:4 :*:


Innate Abilities, Weirdness & Mutations

You have a beak for a mouth.
You have claws for feet.
You can fly continuously.


Message History

* * * LOW HITPOINT WARNING * * *
You feel your anger nearly subside.
The tarantella hisses angrily.
You feel less confused.
You are no longer berserk.
You are exhausted.
You feel yourself slow down.
The wolf spider hits you but does no damage.
You block the wolf spider's attack. The wolf spider closely misses you.
The wolf spider bites you.
* * * LOW HITPOINT WARNING * * *
You feel better. You block the wolf spider's attack.
The wolf spider barely misses you. You block the wolf spider's attack.
The wolf spider bites you!
* * * LOW HITPOINT WARNING * * *
Okay, then.
As you read the scroll of fear, it crumbles to dust.
You assume a fearsome visage.
The moth of wrath looks frightened!
The wolf spider hits you!
You die...
Your body crumbles into a pile of gold.

###### ########..#.######
##.............#.^#
#.#.............<.#
##.#..........)....####
^...............@.....#
...............#sy...###
....................##.#
...#........^......##..###
..............>s...=.....#
.........................#
...............^.........#
......................^.##
.......................##


You could see a wolf spider (berserk), a moth of wrath (fleeing) and a
tarantella (berserk).

Vanquished Creatures
  Saint Roka (Orc:2)
  Arachne (Spider:1)
  Kirke (Swamp:1)
  Gastronok (D:11)
  A frost giant (D:15)
  2 very ugly things (Swamp:3)
  Nessos (D:12)
  Azrael (D:13)
  2 spark wasps (Spider:1)
  Snorg (D:11)
  A death ooze (Swamp:4)
  2 green deaths (Swamp:4)
  2 fire dragons
  Fannar (D:12)
  2 vault guards (D:14)
  23 hydras
  An ice dragon (Lair:6)
  2 hell beasts (Swamp:4)
  2 ghost crabs
  3 centaur warriors
  Erica (Orc:1)
  2 boulder beetles
  5 two-headed ogres
  9 death yaks
  9 alligators
  The ghost of psellion the Covert, a journeyman KoDe of Dithmenos (D:11)
  Sonja (D:10)
  An orc high priest (Orc:2)
  A deep troll (D:14)
  5 skeletal warriors (D:13)
  An unseen horror (D:15)
  2 spriggan druids
  9 swamp dragons
  2 orc knights
  A necromancer (Lair:4)
  2 lindwurms (Lair:6)
  2 orc sorcerers
  7 ugly things
  8 orb spiders
  14 deep elf magi
  8 wolf spiders
  4 manticores
  5 cyclopes
  6 centaur zombies
  3 black mambas
  26 cane toads
  5 torpor snails (Lair:6)
  3 gargoyles
  5 rime drakes
  2 orange demons (Swamp:4)
  3 demonic crawlers
  9 komodo dragons
  10 jumping spiders
  4 tengu conjurers (D:14)
  A hornet (shapeshifter) (D:13)
  A polar bear (Lair:5)
  8 tyrant leeches
  Prince Ribbit (D:8)
  13 hornets
  3 trolls
  31 slime creatures
  5 dream sheep (Lair:4)
  11 bog bodies
  A meliai zombie (D:14)
  22 blink frogs
  A centaur simulacrum (D:15)
  A vampire (D:12)
  5 tarantellas
  A water elemental (Elf:1)
  6 shadows
  5 spriggans
  5 wraiths
  3 wyverns
  3 fire elementals (D:13)
  12 redbacks
  9 basilisks
  A basilisk (shapeshifter) (D:14)
  40 yaks
  32 vampire mosquitoes
  3 steam dragons
  7 humans (D:14)
  Menkaure (D:5)
  A soldier ant (D:14)
  17 swamp worms
  7 wargs
  14 insubstantial wisps (Swamp:2)
  3 acid dragons
  3 large abominations (Swamp:4)
  11 water moccasins
  A hell hound (D:13)
  4 phantoms
  A hornet zombie (D:15)
  8 swamp drakes
  3 ice beasts
  35 orc warriors
  A black bear (D:11)
  6 sky beasts
  6 eyes of draining
  9 ogres
  An elephant zombie (Lair:4)
  7 centaurs
  10 wolves
  The ghost of Bliebski the Insei, an amateur OpTm (D:3)
  3 big kobolds
  A komodo dragon zombie (Lair:4)
  11 bullfrogs
  An earth elemental (Elf:1)
  A wyvern zombie (D:12)
  A gnoll sergeant (D:6)
  3 wyvern skeletons
  A water moccasin skeleton (D:8)
  2 scorpions
  9 killer bees
  2 electric eels (Lair:4)
  16 wights
  2 howler monkeys
  3 vampire bats (D:7)
  2 quasits
  2 bullfrog skeletons (D:13)
  2 bullfrog zombies
  28 orc priests
  8 hounds
  12 jellies
  A basilisk zombie (Lair:4)
  31 orc wizards
  3 centaur skeletons
  11 iguanas
  7 worker ants
  2 hound skeletons (D:7)
  A worker ant zombie (D:9)
  Robin (D:4)
  7 gnolls
  A howler monkey skeleton (D:11)
  2 gnoll zombies (D:6)
  9 adders
  A shadow imp (D:8)
  3 white imps
  3 ufetubi
  An ooze (D:2)
  An adder zombie (D:5)
  4 adder skeletons
  3 worms
  4 dart slugs
  7 leopard geckos
  128 orcs
  A bat skeleton (D:7)
  3 bat zombies (D:7)
  9 giant cockroaches
  24 goblins
  11 hobgoblins
  A jackal (D:3)
  22 kobolds
  4 quokkas
  4 ball pythons
  3 ball python skeletons (Ossuary)
  11 bats
  9 frilled lizards
  2 hobgoblin skeletons (Ossuary)
  A kobold zombie (Ossuary)
  A leopard gecko zombie (D:9)
  4 orc skeletons (Ossuary)
  14 rats
  2 butterflies (Lair:3)
1075 creatures vanquished.

Vanquished Creatures (others)
  A dancing weapon (Elf:1)
  6 humans
  15 fungi
  56 plants
78 creatures vanquished.

Grand Total: 1153 creatures vanquished

Notes
Turn   | Place    | Note
-------+----------+-------------------------------------------
     0 | D:1      | ryogar056 the Tengu Air Elementalist began the quest for
                  | the Orb.
     0 | D:1      | Reached XP level 1. HP: 10/10 MP: 4/4
   158 | D:1      | Reached XP level 2. HP: 15/15 MP: 1/6
   332 | D:1      | Learned a level 2 spell: Swiftness
  1019 | D:1      | Reached XP level 3. HP: 15/19 MP: 0/7
  1241 | D:2      | Reached skill level 5 in Air Magic
  1530 | D:2      | Found a faded altar of an unknown god.
  1583 | D:2      | Reached XP level 4. HP: 21/24 MP: 3/8
  1589 | D:2      | Learned a level 4 spell: Airstrike
  1649 | D:2      | Found an opulent altar of Gozag.
  1656 | D:2      | Became a worshipper of Gozag Ym Sagoz the Greedy
  1743 | D:2      | Found a shimmering blue altar of Sif Muna.
  2052 | D:2      | Found a broken altar of Ashenzari.
  2052 | D:2      | Found an opulent altar of Gozag.
  2164 | D:3      | Found a runed translucent door.
  2164 | D:3      | Noticed Bliebski's ghost (amateur OpTm)
  2207 | D:3      | Gained mutation: You can fly continuously. [Tengu growth]
  2207 | D:3      | Reached XP level 5. HP: 28/28 MP: 2/10
  2794 | D:3      | Reached skill level 1 in Shields
  3142 | D:4      | Found a sand-covered staircase.
  3186 | D:4      | Reached XP level 6. HP: 33/33 MP: 7/11
  3495 | D:4      | Noticed Robin
  3498 | D:4      | Killed Robin
  3590 | Ossuary  | Entered an ossuary
  3771 | Ossuary  | Noticed a flying skull
  3771 | Ossuary  | Noticed a wraith
  3881 | Ossuary  | Noticed a flying skull
  3883 | Ossuary  | Noticed a flying skull
  3940 | Ossuary  | Reached skill level 1 in Fighting
  3997 | Ossuary  | Noticed a wraith
  4000 | Ossuary  | Killed a wraith
  4000 | Ossuary  | Reached skill level 6 in Air Magic
  4000 | Ossuary  | Reached XP level 7. HP: 38/38 MP: 2/12
  4075 | Ossuary  | Noticed a flying skull
  4085 | Ossuary  | Noticed a wraith
  4090 | Ossuary  | Killed a wraith
  4585 | D:5      | Entered Level 5 of the Dungeon
  4648 | D:5      | Learned a level 3 spell: Static Discharge
  4775 | D:5      | Noticed a two-headed ogre
  4954 | D:5      | Noticed Menkaure
  4959 | D:5      | Killed Menkaure
  4959 | D:5      | Reached skill level 7 in Air Magic
  5139 | D:5      | Reached XP level 8. HP: 44/44 MP: 12/14
  5207 | D:5      | Found a staircase to the Ecumenical Temple.
  5216 | Temple   | Entered the Ecumenical Temple
  5809 | D:5      | Found a sparkling altar of Nemelex Xobeh.
  5854 | D:5      | Killed a two-headed ogre
  5854 | D:5      | Reached skill level 5 in Conjurations
  5854 | D:5      | Reached skill level 8 in Air Magic
  6210 | D:6      | Reached skill level 9 in Air Magic
  6222 | D:5      | Reached XP level 9. HP: 39/52 MP: 4/16
  6538 | D:6      | Found Reddefemy's Book Shop.
  6567 | D:6      | Found a transporter.
  6611 | D:6      | Learned a level 5 spell: Lightning Bolt
  6688 | D:6      | Reached skill level 5 in Dodging
  6888 | D:6      | Found a transporter.
  7056 | D:3      | Killed Bliebski's ghost
  7401 | D:7      | Found an ancient bone altar of Kikubaaqudgha.
  7845 | D:7      | Reached skill level 10 in Air Magic
  8239 | D:8      | Noticed Prince Ribbit
  8295 | D:8      | Reached skill level 5 in Spellcasting
  8542 | D:8      | Killed Prince Ribbit
  8771 | D:8      | Reached XP level 10. HP: 58/58 MP: 16/18
  8900 | D:8      | Reached skill level 5 in Fighting
  8916 | D:8      | Found a burning altar of Makhleb.
  8933 | D:8      | Reached skill level 11 in Air Magic
  9888 | D:9      | Found a staircase to the Orcish Mines.
 10410 | D:9      | Reached skill level 12 in Air Magic
 10727 | D:9      | Reached skill level 1 in Evocations
 10947 | D:9      | Identified the cursed +1 robe of the Original Sin {rPois}
 11439 | D:10     | Entered Level 10 of the Dungeon
 11481 | D:10     | Noticed a gargoyle
 11484 | D:10     | Killed a gargoyle
 11764 | D:10     | Noticed Sonja
 11766 | D:10     | Killed Sonja
 11766 | D:10     | Reached XP level 11. HP: 66/66 MP: 21/21
 11979 | D:10     | Noticed a two-headed ogre
 12298 | D:10     | Found a glowing golden altar of the Shining One.
 12525 | D:10     | Found a staircase to the Lair.
 12618 | D:10     | Killed a two-headed ogre
 13061 | D:10     | Found Coejag's Armour Emporium.
 13289 | D:10     | Reached skill level 5 in Evocations
 13344 | D:10     | Noticed an orc knight
 13366 | D:10     | Killed an orc knight
 13580 | Lair:1   | Entered Level 1 of the Lair of Beasts
 14479 | Lair:2   | Found a hole to the Spider Nest.
 14867 | Lair:2   | Reached skill level 13 in Air Magic
 15450 | Lair:2   | Noticed a six-headed hydra
 15541 | Lair:2   | Killed a six-headed hydra
 15541 | Lair:2   | Reached XP level 12. HP: 72/72 MP: 7/23
 15929 | Lair:2   | Noticed a seven-headed hydra
 16007 | Lair:2   | Killed a seven-headed hydra
 16341 | Lair:2   | Noticed a fire dragon
 16438 | Lair:2   | Noticed a six-headed hydra
 16471 | Lair:2   | Killed a six-headed hydra
 16661 | Lair:2   | Found a staircase to the Swamp.
 18563 | Lair:4   | Reached skill level 14 in Air Magic
 18861 | Lair:4   | You are sucked into a shaft and drop 2 floors!
 18861 | Lair:6   | Entered Level 6 of the Lair of Beasts
 18862 | Lair:6   | Noticed a six-headed hydra
 18862 | Lair:6   | Noticed a five-headed hydra
 18885 | Lair:6   | Noticed a death yak
 18886 | Lair:6   | Noticed a death yak
 18889 | Lair:6   | Noticed a death yak
 18890 | Lair:6   | Found a staircase to the Slime Pits.
 18899 | Lair:5   | Killed a death yak
 19117 | Lair:4   | Reached XP level 13. HP: 40/80 MP: 8/26
 19782 | Lair:4   | Reached skill level 10 in Evocations
 20196 | Lair:4   | Reached skill level 10 in Fighting
 21072 | Lair:5   | Reached skill level 5 in Shields
 21408 | Lair:5   | Learned a level 3 spell: Mephitic Cloud
 21414 | Lair:5   | Got a fabulously ornate robe
 21434 | Lair:5   | Identified the cursed +1 robe of Duluen {*Corrode rF+++
                  | Int+10 Stlth-} (You found it on level 5 of the Lair of
                  | Beasts)
 23325 | Lair:6   | Reached skill level 15 in Air Magic
 23916 | Lair:6   | Noticed a fire dragon
 23949 | Lair:6   | Killed a fire dragon
 24070 | Lair:6   | Reached XP level 14. HP: 90/90 MP: 16/27
 25014 | Lair:6   | Found a runed translucent door.
 26671 | D:6      | Bought a manual of Armour for 1435 gold pieces
 26848 | D:10     | Bought the +2 kite shield of Lumi {rPois MR++ Str+4} for
                  | 467 gold pieces
 26946 | Orc:1    | Entered Level 1 of the Orcish Mines
 26952 | Orc:1    | Reached skill level 1 in Armour
 27117 | Orc:1    | Noticed Erica
 27121 | Orc:1    | Killed Erica
 27460 | Orc:1    | Reached skill level 16 in Air Magic
 27997 | Orc:1    | You are sucked into a shaft and drop 1 floor!
 27997 | Orc:2    | Entered Level 2 of the Orcish Mines
 28117 | Orc:2    | Found a staircase to the Elven Halls.
 29802 | Orc:2    | Found Eczefos's Antique Weapon Boutique.
 29824 | Orc:2    | Found a roughly hewn altar of Beogh.
 30067 | Orc:2    | Found a roughly hewn altar of Beogh.
 30072 | Orc:2    | Found a bloodstained altar of Trog.
 30074 | Orc:2    | Found a roughly hewn altar of Beogh.
 30242 | Orc:2    | Found a roughly hewn altar of Beogh.
 30245 | Orc:2    | Found Juagroll's Gadget Emporium.
 30361 | Orc:2    | Found a roughly hewn altar of Beogh.
 30369 | Orc:2    | Found Nocve's Antique Armour Shoppe.
 30375 | Orc:2    | Bought a runed hat for 175 gold pieces
 30375 | Orc:2    | Bought a pair of embroidered gloves for 187 gold pieces
 30520 | Orc:2    | Found a roughly hewn altar of Beogh.
 30664 | Orc:2    | Noticed Saint Roka
 33266 | Swamp:1  | Entered Level 1 of the Swamp
 34313 | Lair:2   | Found a staircase to the Swamp.
 34526 | Lair:2   | Found a hole to the Spider Nest.
 34856 | Lair:2   | Reached skill level 5 in Armour
 35349 | Spider:1 | Entered Level 1 of the Spider Nest
 36594 | Lair:2   | Reached skill level 10 in Shields
 36643 | Swamp:1  | Reached XP level 15. HP: 74/96 MP: 19/28
 37291 | Swamp:1  | Noticed Kirke
 37304 | Swamp:1  | Killed Kirke
 37796 | Swamp:1  | Found a shadowy altar of Dithmenos.
 43176 | D:11     | Noticed Gastronok
 43236 | D:11     | Got an encrusted morningstar
 43236 | D:11     | Identified the cursed +1 morningstar of Immorality {flame,
                  | Stlth+} (You found it on level 11 of the Dungeon)
 43300 | D:11     | Killed Gastronok
 43575 | D:11     | Noticed Snorg
 43579 | D:11     | Killed Snorg
 44644 | D:11     | Found a runed translucent gate.
 44644 | D:11     | Noticed psellion's ghost (journeyman KoDe)
 44645 | D:11     | Found a runed translucent gate.
 44645 | D:11     | Found a runed translucent gate.
 44849 | D:11     | Reached XP level 16. HP: 63/104 MP: 4/29
 45577 | D:11     | Killed psellion's ghost
 45589 | D:11     | Got a warped granite ring
 45591 | D:11     | Identified the ring "Uzujahony" {rF+ MR++ MP+9 Str-2 SInv}
                  | (You found it on level 11 of the Dungeon)
 45824 | D:12     | Noticed Nessos
 45830 | D:12     | Killed Nessos
 45830 | D:12     | Reached skill level 17 in Air Magic
 45833 | D:12     | Noticed Fannar
 47010 | D:12     | Killed Fannar
 48875 | D:13     | Noticed Azrael
 49017 | D:13     | Killed Azrael
 52790 | D:14     | Found a gate to the Vaults.
 53908 | D:15     | Entered Level 15 of the Dungeon
 54442 | D:15     | Found a glowing golden altar of the Shining One.
 55342 | D:15     | Found a staircase to the Depths.
 55722 | D:15     | Reached skill level 18 in Air Magic
 56946 | Orc:2    | Killed Saint Roka
 56946 | Orc:2    | Reached XP level 17. HP: 43/112 MP: 28/30
 57214 | Orc:2    | Found a roughly hewn altar of Beogh.
 57214 | Orc:2    | Found Godiriuk's Antique Armour Boutique.
 57218 | Orc:2    | Found Nezxu's Antique Weapon Shop.
 57242 | Orc:2    | Bought a brightly glowing ring mail for 324 gold pieces
 57252 | Orc:2    | Identified the +1 ring mail of Awe {MR- Regen+ Int+7} (You
                  | bought it in a shop on level 2 of the Orcish Mines)
 57492 | Elf:1    | Entered Level 1 of the Elven Halls
 57994 | Elf:1    | Reached skill level 15 in Shields
 58302 | Orc:2    | Bought a cloak for 112 gold pieces
 58354 | Orc:2    | Bought a faintly glowing falchion for 272 gold pieces
 58354 | Orc:2    | Bought a masterwork fustibalus for 680 gold pieces
 58354 | Orc:2    | Identified the +4 fustibalus of Extermination {freeze, +Fly
                  | rF- Str+3 SInv} (You bought it in a shop on level 2 of the
                  | Orcish Mines)
 58357 | Orc:2    | Identified the cursed +1 falchion "Mesekhle" {protect,
                  | *Noise Str+10} (You bought it in a shop on level 2 of the
                  | Orcish Mines)
 58524 | Lair:2   | Bought an iron wand for 100 gold pieces
 58524 | Lair:2   | Bought a glistering book for 375 gold pieces
 58524 | Lair:2   | Bought a notched golden ring for 125 gold pieces
 58842 | Swamp:4  | Entered Level 4 of the Swamp
 59144 | Swamp:4  | Reached skill level 15 in Fighting
 62787 | Swamp:4  | Got a decaying rune of Zot
 63114 | Swamp:4  | Got a smoking chain mail
 63125 | Swamp:4  | Identified the +7 chain mail "Jeulioll" {-Tele rPois Regen+
                  | Str+7} (You found it on level 4 of the Swamp)
 63872 | Spider:1 | Got a shimmering hand axe
 63872 | Spider:1 | Identified the +5 hand axe of Ideishyro {protect, Int+3
                  | Dex-3} (You found it on level 1 of the Spider Nest)
 64629 | Spider:2 | Noticed Arachne
 64658 | Spider:1 | Killed Arachne
 64810 | Spider:2 | Reached XP level 18. HP: 115/124 MP: 5/31
 65006 | Swamp:4  | Bought a potion of curing for 57 gold pieces
 65009 | Swamp:4  | Bought a manual of Conjurations for 1324 gold pieces
 65234 | Spider:1 | HP: 7/186 [moth of wrath (15)]
 65237 | Spider:1 | HP: 1/124 [wolf spider (5)]
 65239 | Spider:1 | Demolished by a wolf spider

Illustrated notes

Levels and vault maps discovered:
D:1:      minmay_arrival_checkered_box, layout_rooms, serial_curves,
          eino_curves_04, eino_curves_02, eino_curves_03, eino_curves_02
D:2:      layout_rooms, overflow_temple_1_default,
          gammafunk_temple_overflow_pools,
          chequers_ecumenical_altar_simple_redux, grunt_gozag_statues
D:3:      minmay_bubble_buster, layout_basic, hellmonk_ghost_happy_afterlife
D:4:      layout_loops_cross, nicolae_ossuary_entry_monument, grunt_decor_cap,
          uniq_robin
D:5:      layout_basic, lemuel_coloured_pillars_altar,
          minmay_temple_entry_stoned_glass, uniq_menkaure
D:6:      gammafunk_cloud_chamber, layout_basic, serial_shops,
          nicolae_shop_trees
D:7:      layout_loops_ring, kennysheep_vampire_church
D:8:      layout_rooms, lemuel_crystal_altar, serial_rivers,
          chequers_serial_rivers_micro_e, chequers_serial_rivers_room_a,
          chequers_serial_rivers_large_b, chequers_serial_rivers_micro_a,
          chequers_serial_rivers_small_a, minmay_misc_feat_four_crosses,
          uniq_prince_ribbit1
D:9:      layout_cave_pods, orc_0_dummy, grunt_potential
D:10:     cheibrodos_orc_bank, layout_long_grid, erik_lair_orcish_takeover,
          serial_shops, shop, basic_altar, uniq_sonja
D:11:     layout_loops_corners, gammafunk_ghost_hydra_chop, uniq_snorg,
          uniq_gastronok
D:12:     layout_long_grid, uniq_fannar, uniq_nessos
D:13:     layout_roguey, serial_co_window_serial, co_window_corner_a,
          co_window_paths_a, co_window_paths_a, co_window_paths_a,
          co_window_of_opportunity_a, co_window_corner_b, co_window_cross_4,
          co_window_paths_c, co_window_corner_b, co_window_cross_3,
          co_window_of_opportunity_c, co_window_4corner_b, glass_columns_a,
          glass_columns_b, glass_columns_a, bh_walls_and_bars, uniq_azrael
D:14:     layout_small_grid, ximxim_vaults_locker_room, minmay_holes
D:15:     grunt_enter_depths_snipers, layout_basic, tso_metal_star,
          hangedman_abyss_or_decor_lesser_grid
Temple:   nicolae_temple_x_marks_the_god
Lair:1:   layout_loops_ring, chequers_serial_rivers_micro_e
Lair:2:   dragon1_lemuel, layout_regular_city, palyth_hydra_swamp_entry,
          dummy_spider_entry
Lair:3:   layout_regular_city, beast_lair_carwin_3, lemuel_fruit_fields
Lair:4:   pond_and_an_island_with_a_cottage, layout_cave_pods,
          infiniplex_staircase_pool_2
Lair:5:   layout_cave_pods, grunt_forest_small_clearings, minivault_23,
          grunt_megastairs_5, lemuel_fruit_fields
Lair:6:   wormcave, layout_cave_shapes, guppyfry_lair_end_dragon, slime_dummy,
          minivault_11, chequers_serial_rivers_small_b
Swamp:1:  layout_basic_swamp, nicolae_swamp_dense_foliage,
          nicolae_swamp_godswood, swamp_pool3, infiniplex_staircase_pool,
          uniq_kirke
Swamp:2:  layout_basic_swamp, evilmike_swamp_ruin_house_1, swamp_pool4
Swamp:3:  layout_basic_swamp, evilmike_swamp_ruin_house_4
Swamp:4:  swamp_vile, layout_basic_swamp, swamp_pool1
Spider:1: cheibrodos_forgotten_conduit
Spider:2: layout_spider_delve, uniq_arachne
Orc:1:    layout_caves, uniq_erica
Orc:2:    grunt_orc_community_town_hall, layout_caves,
          grunt_orc_community_big_house_1, grunt_orc_community_big_house_2,
          grunt_orc_community_house_2, grunt_orc_community_house_2,
          grunt_orc_community_house_3, grunt_orc_community_house_2,
          grunt_orc_community_house_1, serial_shops, shop, basic_altar,
          lemuel_statue_altar
Elf:1:    minmay_elf_arrival_summoners, layout_rooms, serial_shops,
          nicolae_shop_stone, hangedman_elf_represent,
          serial_sigils_hangedman_quiver, grunt_megastairs_1, uniq_jorgrun

Skill      XL: |  1  2  3  4  5  6  7  8  9 10 11 12 13 14 15 16 17 |
---------------+----------------------------------------------------+-----
Air Magic      | 5 6 7 9 10 12 13 14 15 16 18 | 18.0
Conjurations   | 2 3 4 5 7 8 |  8.3
Shields        | 2 4 6 10 12 14 15 | 15.0
Fighting       | 1 2 3 4 6 7 8 11 12 13 14 17 | 17.3
Dodging        | 3 4 6 7 8 9 |  9.0
Spellcasting   | 3 4 5 6 7 8 |  8.0
Evocations     | 3 6 9 10 | 10.0
Armour         | 5 |  5.6
Stealth        | |  2.0

Action                   |  1- 3 |  4- 6 |  7- 9 | 10-12 | 13-15 | 16-18 || total
-------------------------+-------+-------+-------+-------+-------+-------++-------
Melee: Dagger            |    26 |     1 |     2 |    64 |    49 |    31 ||   173
       Peck              |     2 |     1 |       |    12 |    12 |    17 ||    44
       Kick              |     4 |       |     1 |    17 |    20 |    25 ||    67
       Staff             |       |       |       |       |     4 |     2 ||     6
       Fustibalus        |       |       |       |       |     1 |       ||     1
       Falchion          |       |       |       |       |     2 |     7 ||     9
 Fire: Hunting sling     |       |     6 |     3 |       |       |       ||     9
       Fustibalus        |       |       |       |       |    18 |       ||    18
Throw: Dart              |       |       |     1 |       |     1 |    16 ||    18
       Throwing net      |       |       |       |     1 |       |       ||     1
       Stone             |       |       |       |       |       |     1 ||     1
 Cast: Shock             |    61 |   132 |   193 |   124 |    14 |       ||   524
       Airstrike         |       |     3 |     5 |   234 |   770 |   646 ||  1658
       Static Discharge  |       |       |    24 |    34 |    28 |    99 ||   185
       Lightning Bolt    |       |       |       |    18 |    99 |   148 ||   265
Invok: Call Merchant     |       |       |       |       |       |     6 ||     6
       Potion Petition   |       |       |       |       |       |     1 ||     1
 Abil: Fly               |       |     1 |       |       |       |     1 ||     2
       Stop Flying       |       |       |       |       |     1 |       ||     1
Evoke: Wand              |       |       |       |       |    14 |     1 ||    15
       Phial of floods   |       |       |       |       |     1 |       ||     1
  Use: Scroll            |       |    10 |     6 |    10 |    20 |     6 ||    52
       Potion            |       |       |       |     2 |    14 |    14 ||    30
 Stab: Sleeping          |     2 |       |       |       |       |       ||     2
Armor: Robe              |    10 |     9 |       |     8 |    26 |    36 ||    89
       Animal skin       |       |       |     3 |       |       |       ||     3
       Leather armour    |       |       |     2 |     2 |       |       ||     4
       Chain mail        |       |       |       |       |       |    35 ||    35
Dodge: Dodged            |    41 |    28 |    51 |   109 |   243 |   209 ||   681
Block: Buckler           |       |     2 |     9 |    37 |    11 |       ||    59
       Kite shield       |       |       |       |       |   178 |   261 ||   439

Table legend: (Time is in decaauts)
 A = Elapsed time spent in this place.
 B = Non-inter-level travel time spent in this place.
 C = Inter-level travel time spent in this place.
 D = Time resting spent in this place.
 E = Time spent auto-exploring this place.
 F = Levels seen in this place.
 G = Mean time per level.
                   A        B        C        D        E       F      G
               +--------+--------+--------+--------+--------+-----+--------+
         Total |  62804 |  59000 |   3804 |  22375 |  21415 |  32 | 1962.6 |
       Dungeon |  25405 |  23575 |   1830 |   6480 |  10147 |  15 | 1693.7 |
        Temple |     53 |     46 |      7 |      0 |     45 |   1 |   53.0 |
          Lair |  16471 |  15588 |    883 |   6219 |   5228 |   6 | 2745.2 |
         Swamp |  11101 |  10357 |    744 |   4652 |   3821 |   4 | 2775.2 |
   Spider Nest |   1138 |   1104 |     34 |    242 |    575 |   2 |  569.0 |
  Orcish Mines |   7416 |   7113 |    303 |   4307 |   1275 |   2 | 3708.0 |
   Elven Halls |    556 |    556 |      0 |    229 |    155 |   1 |  556.0 |
       Ossuary |    662 |    662 |      0 |    244 |    165 |   1 |  662.0 |
               +--------+--------+--------+--------+--------+-----+--------+

Top non-repeatable levels by time:
  Lair:2: 6127 daAuts
   Orc:1: 4094 daAuts
 Swamp:3: 3706 daAuts
   Orc:2: 3321 daAuts
    D:13: 3295 daAuts
  Lair:6: 3155 daAuts
    D:11: 2901 daAuts
 Swamp:2: 2792 daAuts
    D:14: 2542 daAuts
 Swamp:1: 2413 daAuts
  Lair:5: 2361 daAuts
    D:10: 2327 daAuts
     D:9: 2198 daAuts
 Swamp:4: 2188 daAuts
  Lair:4: 2162 daAuts
